[Event "Thursday 25 January Rapid Engine Tour 12+1 Rounds 9 Starts 1600 ST"]
[Site "Infinity Chess"]
[Date "2018.1.25"]
[Round "1"]
[White "KhalidOmar"]
[Black "Ninja_Bp"]
[Result "0-1"]
[ECO "C77"]
[WhiteElo "2471"]
[BlackElo "2418"]
[WhiteEngine "Eman 1.67a 64-bit BMI2"]
[BlackEngine "Houdini 6_CTG"]
[EventType "Swiss"]
[WhiteTeam ""]
[BlackTeam ""]
[PlyCount "150"]
[TimeControl "720+1"]

1. e4 e5 2. Nf3 Nc6 3. Bb5 a6 4. Ba4 Nf6 5. O-O Be7 6. Re1 b5 7. Bb3 O-O 
8. h3 Bb7 9. d3 Bc5 10. c3 Bb6 11. Bg5 d6 12. Nbd2 Nb8 13. Nf1 h6 14. Bh4 Nbd7 
15. Ng3 g5 16. Nxg5 hxg5 17. Bxg5 Kh8 18. h4 Rg8 19. Nf5 Qf8 20. a4 Nh7 
21. a5 Ba7 22. Qf3 Ndf6 23. Nh6 Rg6 24. Nxf7+ Kg7 25. d4 Nxg5 26. Nxg5 Qe7 
27. Qf5 Nh5 28. Ne6+ Kh6 29. Ng5 Rf8 30. Nf7+ Kg7 31. Qxh5 Rxf7 32. Bxf7 Qxf7 
33. Qe2 exd4 34. cxd4 Bxd4 35. Ra3 Qf4 36. Rd3 Be5 37. g3 Qxh4 38. b4 Qh3 
39. Qf3 Kg8 40. Qh1 Qg4 41. Kf1 Rg7 42. Qh4 Qxh4 43. gxh4 Rg4 44. f3 Rxh4 
45. Ke2 Kf8 46. Rg1 d5 47. exd5 Rxb4 48. Rg5 Bf4 49. Rf5+ Ke7 50. Rh5 Kd6 
51. Rf5 Rc4 52. Rd1 b4 53. Rd3 Bc8 54. Rf6+ Kc5 55. Rf7 Bd6 56. Rf6 Bd7 
57. Rb3 Ba4 58. Rb1 Bc2 59. Rb2 Kxd5 60. Rf7 Be5 61. Rd7+ Kc6 62. Rxb4 Rxb4 
63. Rd8 Kc5 64. Rg8 Bd4 65. Rc8 Bf5 66. Rxc7+ Kd6 67. Rc1 Rb2+ 68. Kd1 Bd3 
69. Rc8 Kd7 70. Rb8 Rxb8 71. Kd2 Bb1 72. f4 Rb2+ 73. Kc1 Bd3 74. f5 Bc3 
75. f6 Rb1# 0-1

[Event "Thursday 25 January Rapid Engine Tour 12+1 Rounds 9 Starts 1600 ST"]
[Site "Infinity Chess"]
[Date "2018.1.25"]
[Round "1"]
[White "star99"]
[Black "CrapCleaner"]
[Result "1/2-1/2"]
[ECO "C24"]
[WhiteElo "2423"]
[BlackElo "2472"]
[WhiteEngine "Cryptic AIL V2"]
[BlackEngine "Raubfisch X37b4_CTG"]
[EventType "Swiss"]
[WhiteTeam ""]
[BlackTeam ""]
[PlyCount "98"]
[TimeControl "720+1"]

1. e4 e5 2. Bc4 Nf6 3. d3 Bc5 4. Nf3 Nc6 5. c3 d6 6. O-O O-O 7. a4 a6 8. h3 Ba7 
9. Nbd2 Ne7 10. Re1 c6 11. Bb3 Ng6 12. Nf1 d5 13. exd5 Nxd5 14. Be3 Bxe3 
15. Nxe3 Ndf4 16. Nc4 Re8 17. Re4 Qc7 18. Ncxe5 Nxh3+ 19. gxh3 Nxe5 
20. Bxf7+ Qxf7 21. Nxe5 Qf5 22. Qe2 Qxh3 23. Nxc6 Re6 24. Rxe6 Bxe6 25. Re1 Re8 
26. Nd8 Rxd8 27. Qxe6+ Qxe6 28. Rxe6 Rxd3 29. Re7 b5 30. axb5 axb5 31. Kg2 Rd2 
32. b4 Rc2 33. Rb7 Kf8 34. Rxb5 Rxc3 35. Rg5 Kf7 36. Rb5 h6 37. Rb7+ Kf6 
38. b5 h5 39. f3 g5 40. Rb8 Rc2+ 41. Kg3 h4+ 42. Kh3 Rb2 43. b6 Rb4 44. b7 Kg7 
45. Kh2 Kh7 46. Kh3 Kg7 47. Kh2 Rb3 48. Kg2 Rb1 49. Kh3 Rb4 1/2-1/2

[Event "Thursday 25 January Rapid Engine Tour 12+1 Rounds 9 Starts 1600 ST"]
[Site "Infinity Chess"]
[Date "2018.1.25"]
[Round "1"]
[White "SkyPilot"]
[Black "Dovahkiin"]
[Result "1/2-1/2"]
[ECO "D30"]
[WhiteElo "2478"]
[BlackElo "2431"]
[WhiteEngine "stockfish_x64_bmi2_2018_01_13_CTG"]
[BlackEngine "BrainFish_180113_x64_modern_CTG"]
[EventType "Swiss"]
[WhiteTeam ""]
[BlackTeam ""]
[PlyCount "167"]
[TimeControl "720+1"]

1. d4 d5 2. c4 e6 3. Nf3 Nf6 4. Nc3 c6 5. e3 Nbd7 6. Qc2 Bd6 7. Bd3 O-O 
8. O-O dxc4 9. Bxc4 a6 10. Rd1 b5 11. Bd3 Qc7 12. Bd2 c5 13. Ne4 c4 
14. Nxd6 Qxd6 15. Be2 Bb7 16. b3 Bd5 17. Ba5 Rfc8 18. Qb2 Ne4 19. Rdc1 f5 
20. bxc4 Bxc4 21. Bd1 Bd5 22. Bb3 h6 23. h3 Kh7 24. Ne1 Bc4 25. Bc2 Nb6 
26. Nf3 Bd5 27. Ne5 Nc4 28. Nxc4 Bxc4 29. a4 Qe7 30. axb5 axb5 31. Bxe4 fxe4 
32. Bb4 Qd7 33. Bc5 Bd3 34. Rxa8 Rxa8 35. Ra1 Ra4 36. Rxa4 bxa4 37. Qb8 Bb5 
38. Bf8 Kg6 39. Qe5 Bc6 40. Qc5 Bd5 41. Kh2 Qf7 42. Kg3 Kh7 43. Bd6 Kg6 
44. Qb4 Qd7 45. Qa3 Qd8 46. Be5 Qd7 47. Kh2 Qa7 48. Kg1 Bc6 49. Kh2 Bd5 
50. Bd6 Qa5 51. Bg3 Qa7 52. Bd6 Qd7 53. Qb4 Kf7 54. Qc5 Kg6 55. Bg3 Kf7 
56. Be5 Qe7 57. Qb6 Qd7 58. Qb2 Qa7 59. Bd6 Qb7 60. Qc1 Qd7 61. Qc5 Kg6 
62. Bb8 Qf7 63. Be5 Qd7 64. Bd6 Qf7 65. Bg3 Kh7 66. Kh1 Bb3 67. Kg1 Bd5 
68. Bf4 Qd7 69. Be5 Kg6 70. Qb4 Qa7 71. Bd6 Qd7 72. Kh1 Qc6 73. Kh2 Qe8 
74. Qa5 Qd7 75. Qb4 Kf7 76. Kg1 Kg6 77. Bf4 Kf6 78. Bg3 Kg6 79. Kh2 Kf7 
80. Bd6 Kf6 81. Qb6 Kf7 82. Kg1 Kf6 83. Kh2 Kg6 84. Qb4 1/2-1/2

[Event "Thursday 25 January Rapid Engine Tour 12+1 Rounds 9 Starts 1600 ST"]
[Site "Infinity Chess"]
[Date "2018.1.25"]
[Round "1"]
[White "Coco69"]
[Black "Marsell"]
[Result "1/2-1/2"]
[ECO "C55"]
[WhiteElo "2435"]
[BlackElo "2494"]
[WhiteEngine "Raubfisch X37b4_CTG"]
[BlackEngine "asmFishW_2018-01-11_popcnt"]
[EventType "Swiss"]
[WhiteTeam ""]
[BlackTeam ""]
[PlyCount "123"]
[TimeControl "720+1"]

1. e4 e5 2. Nf3 Nc6 3. Bc4 Nf6 4. d3 Bc5 5. c3 d6 6. O-O O-O 7. Bg5 h6 8. Bh4 a6 
9. a4 g5 10. Bg3 Ba7 11. Nbd2 Nh7 12. h3 h5 13. Kh1 Kh8 14. b4 h4 15. Bh2 g4 
16. hxg4 Bxg4 17. b5 Na5 18. Ba2 Ng5 19. Qe1 h3 20. Nxg5 Qxg5 21. g3 Bh5 
22. f4 Qg4 23. fxe5 dxe5 24. Rf5 axb5 25. axb5 Kg7 26. d4 Rae8 27. Bg1 Bg6 
28. Rf3 h2 29. Bf2 f5 30. dxe5 Bxf2 31. Qxf2 fxe4 32. Rxf8 Rxf8 33. Qe3 b6 
34. Rf1 Rf5 35. Rxf5 Qxf5 36. e6 Nb7 37. Qd4+ Kh7 38. Kxh2 Nd6 39. Bc4 Nxc4 
40. Nxc4 Qxe6 41. Ne3 Qa2+ 42. Kh3 Qe6+ 43. Kg2 Qf7 44. Qd1 Bh5 45. g4 Qf4 
46. gxh5 Qxe3 47. Qg4 Qd2+ 48. Kg3 Qxc3+ 49. Kf4 Qd2+ 50. Kf5 Qd5+ 51. Kf4 Qd6+ 
52. Kxe4 Qb4+ 53. Kf3 Qc3+ 54. Kf4 Qb4+ 55. Kg3 Qb3+ 56. Kh2 Qxb5 57. Qg6+ Kh8 
58. Qf6+ Kg8 59. Qg6+ Kh8 60. Qf6+ Kg8 61. Qe6+ Kh8 62. Qf6+ 1/2-1/2

[Event "Thursday 25 January Rapid Engine Tour 12+1 Rounds 9 Starts 1600 ST"]
[Site "Infinity Chess"]
[Date "2018.1.25"]
[Round "1"]
[White "RonWeasley"]
[Black "MarioDeMonti"]
[Result "1-0"]
[ECO "C55"]
[WhiteElo "2510"]
[BlackElo "2437"]
[WhiteEngine "BrainFish 130117_CTG"]
[BlackEngine "stockfish_x64_bmi2_2018_01_13_CTG"]
[EventType "Swiss"]
[WhiteTeam ""]
[BlackTeam ""]
[PlyCount "241"]
[TimeControl "720+1"]

1. e4 e5 2. Nf3 Nc6 3. Bc4 Nf6 4. d3 Bc5 5. c3 d6 6. Bb3 a6 7. Nbd2 O-O 
8. O-O Ba7 9. Re1 h6 10. Nf1 Na5 11. Bc2 c5 12. h3 Nc6 13. Ng3 Be6 14. Nh4 b5 
15. Qf3 Bb6 16. Nhf5 Kh7 17. Be3 Rc8 18. Rec1 Kh8 19. a4 Rb8 20. axb5 axb5 
21. Ra6 Rg8 22. Rca1 Kh7 23. Bb1 Ne8 24. Ba2 Nc7 25. Ra3 Bxa2 26. R3xa2 Qf6 
27. Rd1 Kh8 28. Raa1 Qe6 29. d4 cxd4 30. cxd4 Nxd4 31. Nxd4 exd4 32. Bxd4 Bxd4 
33. Rxd4 Rgd8 34. Nf5 Qf6 35. Rd2 Rd7 36. Qg3 Ne8 37. Ra6 Kh7 38. Kh2 Rc8 
39. Ne3 Qe7 40. f3 Rb7 41. Nf5 Qg5 42. Qxg5 hxg5 43. Kg3 b4 44. Ne3 f6 
45. h4 gxh4+ 46. Kxh4 Kg8 47. Rd4 Kf7 48. Ra4 b3 49. Rdb4 Rcc7 50. Kg3 Ke6 
51. Kf2 g6 52. g4 g5 53. Ke2 Kf7 54. Kd3 Ng7 55. Nd5 Rd7 56. Rxb7 Rxb7 
57. Ra6 Rd7 58. Nb6 Rc7 59. Nc4 Ne6 60. Nxd6+ Kf8 61. Rb6 Nf4+ 62. Kd4 Ke7 
63. Nf5+ Kf7 64. Nd6+ Ke7 65. Nf5+ Kf7 66. Rxb3 Rd7+ 67. Kc3 Rc7+ 68. Kd2 Rd7+ 
69. Kc2 Ng2 70. Kc3 Nh4 71. Kc4 Ng6 72. Rc3 Ne5+ 73. Kc5 Ke6 74. Kb6 Nd3 
75. b3 Ke5 76. Kc6 Ke6 77. Ng7+ Ke7 78. Kb6 Rd6+ 79. Ka5 Rd8 80. Nf5+ Ke6 
81. Kb6 Rd7 82. Ne3 Nb4 83. Rc4 Rd3 84. Nf5 Na2 85. Nd4+ Ke5 86. Nc6+ Kd6 
87. Rd4+ Rxd4 88. Nxd4 Nb4 89. Kb5 Nd3 90. Nf5+ Kc7 91. b4 Ne5 92. Nd4 Nd3 
93. Kc4 Nf4 94. b5 Kb6 95. Nf5 Kc7 96. Ne7 Kd6 97. b6 Ne6 98. Nf5+ Kd7 
99. Nd4 Nd8 100. Kc5 Nb7+ 101. Kb5 Kc8 102. Nc6 Kd7 103. Na5 Nd6+ 104. Ka6 Ke7 
105. b7 Nxb7 106. Nxb7 Ke6 107. Nc5+ Kd6 108. Kb5 Ke5 109. Nd7+ Kd4 
110. Nxf6 Kc3 111. Kc5 Kd3 112. e5 Ke3 113. Ne4 Kf4 114. e6 Ke3 115. e7 Kf4 
116. e8=Q Kxf3 117. Kd4 Kf4 118. Qe5+ Kxg4 119. Kd3 Kh4 120. Qxg5+ Kh3 121. Qg3# 
1-0

[Event "Thursday Night Engine Tour 11 Rd Swiss 5m+1s Starts at 2200hrs ST"]
[Site "Infinity Chess"]
[Date "2018.1.19"]
[Round "11"]
[White "BraveDevil"]
[Black "ludimilojko"]
[Result "1/2-1/2"]
[ECO "D44"]
[WhiteElo "2496"]
[BlackElo "2365"]
[WhiteEngine "Cryptic AIL V1"]
[BlackEngine "CorChess 2.0_x64_CTG"]
[EventType "Swiss"]
[WhiteTeam ""]
[BlackTeam ""]
[PlyCount "61"]
[TimeControl "300+1"]

1. d4 d5 2. c4 e6 3. Nc3 Nf6 4. Nf3 c6 5. Bg5 h6 6. Bh4 dxc4 7. e4 g5 8. Bg3 b5 
9. Be2 Bb7 10. O-O Nbd7 11. Ne5 Bg7 12. Nxd7 Nxd7 13. Bd6 a6 14. e5 c5 
15. d5 Nxe5 16. dxe6 Nd3 17. exf7+ Kxf7 18. Bxd3 cxd3 19. Qxd3 Qd7 20. Qg3 b4 
21. Nd1 Rac8 22. Ne3 Rhe8 23. Rad1 Qe6 24. h4 Bxb2 25. hxg5 hxg5 26. Qxg5 Rg8 
27. Qh5+ Qg6 28. Qh3 Qe6 29. Qh5+ Qg6 30. Qh3 Qe6 31. Qh5+ 1/2-1/2

[Event "Thursday Night Engine Tour 11 Rd Swiss 5m+1s Starts at 2200hrs ST"]
[Site "Infinity Chess"]
[Date "2018.1.19"]
[Round "11"]
[White "Victorious"]
[Black "klasman"]
[Result "1/2-1/2"]
[ECO "A05"]
[WhiteElo "2524"]
[BlackElo "2456"]
[WhiteEngine "BugChess2.41_Release"]
[BlackEngine "Raubfisch ME262_GTZ16b2"]
[EventType "Swiss"]
[WhiteTeam ""]
[BlackTeam ""]
[PlyCount "149"]
[TimeControl "300+1"]

1. Nf3 Nf6 2. d4 d5 3. e3 e6 4. Bd3 c5 5. b3 Nc6 6. Bb2 cxd4 7. exd4 Bd6 
8. O-O O-O 9. Nbd2 b6 10. a3 Bb7 11. Ne5 Ne7 12. Qe2 g6 13. Rae1 Rc8 14. c3 Nf5 
15. a4 Be7 16. Rc1 Re8 17. Bb5 Rf8 18. Bd3 Re8 19. f3 Nh5 20. f4 f6 21. Ng4 Bf8 
22. g3 Nd6 23. Ba3 Rc7 24. Bb4 Qc8 25. a5 Ne4 26. Bxf8 Rxf8 27. a6 Ba8 
28. Rc2 Nxc3 29. Qe3 Rc6 30. Nf3 b5 31. Nh6+ Kh8 32. g4 Ng7 33. Rfc1 b4 
34. g5 Nf5 35. Nxf5 exf5 36. Qe7 Qb8 37. Re1 Rc7 38. Qd6 Rcf7 39. Qxb8 Rxb8 
40. gxf6 Rxf6 41. Re7 Bc6 42. h4 h5 43. Rxa7 Bb5 44. Ne5 Rfb6 45. Bxb5 Nxb5 
46. Rd7 Rxa6 47. Rxd5 Nc3 48. Rd7 Kg8 49. d5 Rba8 50. Rg2 Ne4 51. Kh2 Ra2 
52. d6 Rxg2+ 53. Kxg2 Rf8 54. Nxg6 Rf6 55. Ne7+ Kf8 56. Rd8+ Kf7 57. Nc8 Ke6 
58. d7 Rg6+ 59. Kf1 Nf6 60. Nb6 Kd6 61. Nc4+ Ke7 62. Ra8 Nxd7 63. Ra7 Rg4 
64. Ne5 Rxf4+ 65. Kg2 Ke6 66. Nxd7 Rxh4 67. Nc5+ Kd5 68. Nd3 Kd4 69. Nxb4 Kc3 
70. Nd5+ Kxb3 71. Ne3 Ra4 72. Rh7 f4 73. Nf5 h4 74. Nxh4 f3+ 75. Kxf3 1/2-1/2

[Event "Thursday Night Engine Tour 11 Rd Swiss 5m+1s Starts at 2200hrs ST"]
[Site "Infinity Chess"]
[Date "2018.1.19"]
[Round "11"]
[White "OlivierEvan"]
[Black "Coco69"]
[Result "0-1"]
[ECO "A05"]
[WhiteElo "2422"]
[BlackElo "2493"]
[WhiteEngine "Houdini 6"]
[BlackEngine "Raubfisch X37b3."]
[EventType "Swiss"]
[WhiteTeam ""]
[BlackTeam ""]
[PlyCount "214"]
[TimeControl "300+1"]

1. Nf3 Nf6 2. d4 d5 3. c4 e6 4. e3 b6 5. b3 Nbd7 6. Bd3 Bd6 7. O-O dxc4 
8. bxc4 O-O 9. Bb2 Bb7 10. Nc3 Re8 11. e4 e5 12. d5 c6 13. Bc2 Nc5 14. Nd2 Rc8 
15. Rc1 cxd5 16. cxd5 Ba6 17. Re1 Qd7 18. Nf1 Nb7 19. h3 Bc5 20. Nd2 Bd4 
21. Bb1 Na5 22. Ba1 Bc5 23. Bc2 Bb4 24. Ba4 b5 25. Qe2 Nb7 26. Ncb1 Bd6 
27. Bc2 Rc7 28. Nf1 Nc5 29. Qf3 Rec8 30. Rcd1 b4 31. Nbd2 Ne8 32. Ne3 f6 
33. Ndf1 Bb5 34. h4 a5 35. h5 a4 36. Bb1 a3 37. Bc2 Nb7 38. Bd3 Bxd3 39. Rxd3 h6 
40. Rdd1 Bc5 41. Nf5 Ned6 42. Nh4 Ba7 43. Ng6 Nf7 44. Qe2 Nbd6 45. Ng3 Rc2 
46. Rd2 Rxd2 47. Qxd2 Rc4 48. Rf1 Qa4 49. Qe2 Rc2 50. Qd1 b3 51. axb3 Qxb3 
52. Kh2 Qa2 53. Qb1 Qc4 54. Qe1 Qc5 55. f4 exf4 56. Nxf4 Ng5 57. Qd1 Qc4 
58. Qd3 Qxd3 59. Nxd3 Ndxe4 60. Nxe4 Nxe4 61. Re1 Bb8+ 62. Kg1 f5 63. Rc1 Rd2 
64. Rc8+ Kh7 65. Rxb8 Rxd3 66. Rb1 a2 67. Re1 Rxd5 68. Kh2 Rd3 69. g4 Rd2+ 
70. Kh3 Ng5+ 71. Kg3 Rd3+ 72. Kf4 Rf3+ 73. Ke5 fxg4 74. Rg1 g3 75. Rg2 Rf1 
76. Bc3 a1=R 77. Bxa1 Rxa1 78. Rxg3 Ra5+ 79. Kd4 Ne6+ 80. Ke4 Rxh5 81. Rg1 Rb5 
82. Re1 Kg6 83. Rg1+ Ng5+ 84. Kf4 h5 85. Rc1 Rb4+ 86. Ke5 h4 87. Rc6+ Kh5 
88. Rc8 h3 89. Rh8+ Kg6 90. Kd5 Nh7 91. Ra8 h2 92. Ra1 Nf6+ 93. Ke6 Rh4 
94. Rh1 Ne4 95. Ke7 Nf2 96. Ra1 h1=Q 97. Rxh1 Nxh1 98. Kd6 Kf5 99. Kc6 g5 
100. Kb5 g4 101. Ka4 g3+ 102. Ka5 g2 103. Kb6 g1=Q+ 104. Kc6 Qc1+ 105. Kb5 Nf2 
106. Ka5 Qb2 107. Ka6 Ra4# 0-1

[Event "Thursday Night Engine Tour 11 Rd Swiss 5m+1s Starts at 2200hrs ST"]
[Site "Infinity Chess"]
[Date "2018.1.19"]
[Round "11"]
[White "tris77"]
[Black "ocirema"]
[Result "1/2-1/2"]
[ECO "C77"]
[WhiteElo "2437"]
[BlackElo "2487"]
[WhiteEngine "Raubfisch X37b_CTG"]
[BlackEngine "stockfish_18011309_x64_modern_CTG"]
[EventType "Swiss"]
[WhiteTeam ""]
[BlackTeam ""]
[PlyCount "124"]
[TimeControl "300+1"]

1. e4 e5 2. Nf3 Nc6 3. Bb5 a6 4. Ba4 Nf6 5. O-O Be7 6. Re1 b5 7. Bb3 O-O 
8. c3 d5 9. exd5 Nxd5 10. Nxe5 Nxe5 11. Rxe5 c6 12. d4 Bd6 13. Re1 Qh4 
14. g3 Qh3 15. Be3 Bg4 16. Qd3 Rae8 17. Nd2 Re6 18. a4 Qh5 19. axb5 axb5 
20. Bxd5 Qxd5 21. Qf1 Bb8 22. f3 Bh5 23. Qg2 f6 24. Bf2 Rxe1+ 25. Rxe1 Bg6 
26. Qh3 f5 27. b3 Bc7 28. Qf1 Ba5 29. Rc1 f4 30. g4 h5 31. h3 Bd8 32. Kg2 Bf6 
33. Ra1 Re8 34. Re1 Ra8 35. Ra1 Re8 36. b4 Kf7 37. Kg1 Qd7 38. Nb3 Qd5 
39. Ra7+ Kg8 40. Nd2 Qe6 41. Ra6 Kh7 42. Ra1 hxg4 43. hxg4 Qe2 44. Qxe2 Rxe2 
45. Ne4 Bxe4 46. fxe4 Rc2 47. e5 Bg5 48. Rd1 Kg6 49. e6 Rxc3 50. d5 cxd5 
51. Bc5 d4 52. Rxd4 Re3 53. Rd6 Be7 54. Rd5 Bxc5 55. Rxc5 Rxe6 56. Rxb5 Re2 
57. Rf5 Re4 58. b5 f3 59. Rxf3 Rxg4+ 60. Kf1 Rb4 61. b6 Rb1+ 62. Kf2 Rxb6 
1/2-1/2

[Event "Thursday Night Engine Tour 11 Rd Swiss 5m+1s Starts at 2200hrs ST"]
[Site "Infinity Chess"]
[Date "2018.1.19"]
[Round "11"]
[White "neófito"]
[Black "RonWeasley"]
[Result "1/2-1/2"]
[ECO "C11"]
[WhiteElo "2515"]
[BlackElo "2488"]
[WhiteEngine "BrainFish_180113_x64_bmi2"]
[BlackEngine "BrainFish 130117_CTG"]
[EventType "Swiss"]
[WhiteTeam ""]
[BlackTeam ""]
[PlyCount "127"]
[TimeControl "300+1"]

1. e4 e6 2. d4 d5 3. Nc3 Nf6 4. e5 Nfd7 5. f4 c5 6. Nf3 Nc6 7. Be3 cxd4 
8. Nxd4 Qb6 9. Qd2 Qxb2 10. Rb1 Qa3 11. Bb5 Nxd4 12. Bxd4 a6 13. Bxd7+ Bxd7 
14. Rb3 Qe7 15. Rxb7 Rc8 16. O-O Qd8 17. Qe3 Rc4 18. Rfb1 Be7 19. f5 Bg5 
20. Qd3 O-O 21. Ne4 Bc8 22. Bb6 Be3+ 23. Qxe3 Qh4 24. Nf6+ gxf6 25. Rc7 exf5 
26. Rxc4 dxc4 27. exf6 Kh8 28. Bc7 Rg8 29. Bg3 Qg4 30. Qf4 c3 31. a3 Be6 
32. Re1 Rd8 33. Qe3 Bd5 34. Qe8+ Rxe8 35. Rxe8+ Qg8 36. Rxg8+ Kxg8 37. Be5 Be4 
38. Bxc3 h5 39. Kf2 Kh7 40. g3 Bxc2 41. Ke3 Kg6 42. Kf3 Be4+ 43. Kf4 Bc6 
44. h4 Be4 45. a4 a5 46. Bxa5 Bc6 47. Ke5 Bxa4 48. Be1 Bd7 49. Bc3 Bb5 
50. Kf4 Bd7 51. Bb2 Bc6 52. Ke5 Be4 53. Kf4 Bc6 54. Ke3 Be4 55. Kf4 Bb1 
56. Bd4 Bd3 57. Bb2 Bb1 58. Be5 Bd3 59. Kf3 Be4+ 60. Ke3 Bd5 61. Bc3 Be4 
62. Bd4 Bg2 63. Kf4 Be4 64. Bb2 1/2-1/2

[Event "Thursday Night Engine Tour 11 Rd Swiss 5m+1s Starts at 2200hrs ST"]
[Site "Infinity Chess"]
[Date "2018.1.19"]
[Round "11"]
[White "Dovahkiin"]
[Black "incredible"]
[Result "1/2-1/2"]
[ECO "A00"]
[WhiteElo "2443"]
[BlackElo "2500"]
[WhiteEngine "BrainFish_180113_x64_modern_CTG"]
[BlackEngine "Stockfish_x64_bmi2"]
[EventType "Swiss"]
[WhiteTeam ""]
[BlackTeam ""]
[PlyCount "145"]
[TimeControl "300+1"]

1. e3 e5 2. e4 Nf6 3. Nc3 Bb4 4. Nf3 O-O 5. Nxe5 d5 6. Nd3 Bxc3 7. dxc3 dxe4 
8. Nf4 Qxd1+ 9. Kxd1 Rd8+ 10. Ke1 Nc6 11. Ne2 h6 12. Ng3 b6 13. Be2 Ne5 
14. a4 Be6 15. h4 Rd7 16. Bf4 Nc4 17. b3 Nd5 18. Bxc4 Nxf4 19. Bxe6 Nxe6 
20. Rd1 Rxd1+ 21. Kxd1 Nf4 22. Re1 Rd8+ 23. Kc1 Nxg2 24. Rxe4 Kf8 25. Rc4 c5 
26. a5 g6 27. Rg4 Re8 28. Kd1 Re6 29. b4 cxb4 30. axb6 axb6 31. cxb4 Ne1 
32. Nf1 Nf3 33. Ne3 h5 34. Rf4 Rd6+ 35. Ke2 Nd4+ 36. Kf1 b5 37. c3 Ne6 
38. Re4 Rd3 39. c4 Nd4 40. cxb5 Nxb5 41. Ke2 Ra3 42. Ke1 Ra1+ 43. Kd2 Ra2+ 
44. Ke1 Rb2 45. Nd5 Nd6 46. Rd4 Kg7 47. Rf4 Nb5 48. Re4 Kf8 49. Ne3 Kg7 
50. Rc4 Kf6 51. Rf4+ Ke7 52. Re4+ Kd7 53. Nc4 Rb1+ 54. Kd2 Kd8 55. Ne3 Rb2+ 
56. Ke1 Rb1+ 57. Kd2 Kd7 58. Nc4 f5 59. Re3 Rxb4 60. Ne5+ Kd6 61. Nxg6 Nd4 
62. f3 Ra4 63. Rd3 f4 64. Nxf4 Ke5 65. Nxh5 Ra2+ 66. Kd1 Rh2 67. Re3+ Kf5 
68. Ng7+ Kg6 69. Ne6 Nxe6 70. Rxe6+ Kf5 71. Re4 Rf2 72. Re7 Kf6 73. Re3 1/2-1/2

[Event "Thursday Night Engine Tour 11 Rd Swiss 5m+1s Starts at 2200hrs ST"]
[Site "Infinity Chess"]
[Date "2018.1.19"]
[Round "11"]
[White "Zor"]
[Black "KULLANI"]
[Result "1/2-1/2"]
[ECO "D15"]
[WhiteElo "2571"]
[BlackElo "2448"]
[WhiteEngine "Cryptic AIL V1"]
[BlackEngine "BrainFish_180113_x64_CTG"]
[EventType "Swiss"]
[WhiteTeam ""]
[BlackTeam ""]
[PlyCount "141"]
[TimeControl "300+1"]

1. d4 d5 2. c4 c6 3. Nf3 Nf6 4. Nc3 e6 5. e3 Nbd7 6. h3 a6 7. b3 Bb4 8. Bd2 Qe7 
9. Qc2 e5 10. dxe5 Nxe5 11. Be2 Nxf3+ 12. Bxf3 dxc4 13. bxc4 Qe5 14. Rd1 Bf5 
15. Qb2 Ba5 16. Na4 Qxb2 17. Nxb2 Bxd2+ 18. Rxd2 Be6 19. Ke2 Nd7 20. Rc1 h5 
21. h4 O-O-O 22. Rd4 Rde8 23. Nd3 Bf5 24. c5 Bxd3+ 25. Kxd3 Re5 26. Rdc4 f6 
27. Be4 Kc7 28. g3 Nxc5+ 29. Rxc5 Rd8+ 30. Ke2 Rxe4 31. Rxh5 b5 32. Rh7 Rd7 
33. Rd1 Ree7 34. h5 c5 35. h6 gxh6 36. Rxh6 Re6 37. Rxd7+ Kxd7 38. Kd3 a5 
39. Kc3 Rd6 40. g4 c4 41. Rh5 Kc6 42. Rh6 Kc5 43. Rh5+ Kb6 44. Rh6 a4 
45. Rh8 Rd3+ 46. Kb4 Rd1 47. Rb8+ Kc6 48. Rc8+ Kd7 49. Rf8 Rb1+ 50. Kc3 a3 
51. Ra8 Kc6 52. f3 Kc5 53. Rc8+ Kb6 54. Ra8 Rc1+ 55. Kb4 Rb1+ 56. Kc3 Kc5 
57. Rc8+ Kd5 58. Rd8+ Kc6 59. Ra8 Ra1 60. Rxa3 Rc1+ 61. Kd2 Rf1 62. Ra6+ Kc5 
63. a4 bxa4 64. Rxa4 Rxf3 65. Ra6 Kb5 66. Re6 Rf2+ 67. Kc3 Ra2 68. Rxf6 Ra3+ 
69. Kb2 Rxe3 70. Kc2 Re2+ 71. Kb1 1/2-1/2

[Event "Thursday Night Engine Tour 11 Rd Swiss 5m+1s Starts at 2200hrs ST"]
[Site "Infinity Chess"]
[Date "2018.1.19"]
[Round "10"]
[White "KULLANI"]
[Black "OlivierEvan"]
[Result "1/2-1/2"]
[ECO "D30"]
[WhiteElo "2449"]
[BlackElo "2421"]
[WhiteEngine "BrainFish_180113_x64_CTG"]
[BlackEngine "Houdini 6"]
[EventType "Swiss"]
[WhiteTeam ""]
[BlackTeam ""]
[PlyCount "122"]
[TimeControl "300+1"]

1. d4 d5 2. c4 e6 3. Nf3 Nf6 4. Nc3 c6 5. Bg5 h6 6. Bxf6 Qxf6 7. e3 Nd7 
8. Be2 g6 9. O-O Bg7 10. e4 dxe4 11. Nxe4 Qf4 12. Qc2 f5 13. Ned2 c5 14. g3 Qc7 
15. Nh4 Bxd4 16. Nxg6 Rg8 17. Nh4 Nf6 18. Nb3 Be5 19. Qd1 a5 20. Bh5+ Kf8 
21. Rb1 a4 22. Nc1 Kg7 23. Nd3 Rd8 24. Bf3 Bd4 25. Qc2 e5 26. Bg2 Ra6 
27. Rbe1 Ng4 28. Kh1 Rb6 29. b3 axb3 30. axb3 Qd6 31. Re2 Ra6 32. b4 b6 
33. bxc5 bxc5 34. Bd5 Nf6 35. Bg2 Ng8 36. Ree1 Rf8 37. Rd1 Ne7 38. Rfe1 e4 
39. Nf4 Bd7 40. Qe2 Rfa8 41. Bh3 Ra2 42. Rd2 Qa6 43. Rb1 Rxd2 44. Qxd2 Qxc4 
45. Nh5+ Kf7 46. Bf1 Qe6 47. Nf4 e3 48. Qc1 Bc6+ 49. f3 Qc8 50. Qc2 Ke8 
51. Be2 Ra4 52. Qd3 Ra2 53. Qb3 Ra7 54. Bb5 Bxb5 55. Qxb5+ Qc6 56. Qb8+ Nc8 
57. Nxf5 Qxf3+ 58. Kg1 Qf2+ 59. Kh1 Qf3+ 60. Kg1 Qf2+ 61. Kh1 Qf3+ 1/2-1/2

[Event "Thursday Night Engine Tour 11 Rd Swiss 5m+1s Starts at 2200hrs ST"]
[Site "Infinity Chess"]
[Date "2018.1.19"]
[Round "10"]
[White "ludimilojko"]
[Black "incredible"]
[Result "0-1"]
[ECO "B30"]
[WhiteElo "2377"]
[BlackElo "2488"]
[WhiteEngine "CorChess 2.0_x64_CTG"]
[BlackEngine "Stockfish_x64_bmi2"]
[EventType "Swiss"]
[WhiteTeam ""]
[BlackTeam ""]
[PlyCount "97"]
[TimeControl "300+1"]

1. e4 c5 2. Nf3 Nc6 3. Nc3 e6 4. d4 cxd4 5. Nxd4 Nf6 6. Nxc6 bxc6 7. e5 Nd5 
8. Ne4 Bb7 9. Be2 c5 10. O-O Qc7 11. Nd6+ Bxd6 12. exd6 Qc6 13. f3 Nb6 
14. c4 Nc8 15. Bf4 f6 16. Bg3 e5 17. Bd3 Nxd6 18. Qc2 g6 19. Bh4 Rf8 
20. Rfd1 Rf7 21. Bf2 Rc8 22. Qc3 Re7 23. b4 cxb4 24. Qxb4 e4 25. c5 exd3 
26. cxd6 Re6 27. Rxd3 Kf7 28. a4 a6 29. Rdd1 Ba8 30. Qf4 g5 31. Qd4 Qc4 
32. Qa7 Qc6 33. Re1 Rce8 34. Reb1 h5 35. Rb6 Qc3 36. Rbb1 Rxd6 37. Rc1 Qd2 
38. Re1 Rc8 39. Bc5 Rd5 40. Be3 Qd3 41. Bf2 g4 42. Rab1 gxf3 43. Rb8 Qg6 
44. Bg3 Rd2 45. Rxa8 Rxg2+ 46. Kh1 Qc2 47. Qxd7+ Kg6 48. Qh3 Rxa8 49. Be5 0-1

[Event "Thursday Night Engine Tour 11 Rd Swiss 5m+1s Starts at 2200hrs ST"]
[Site "Infinity Chess"]
[Date "2018.1.19"]
[Round "10"]
[White "BraveDevil"]
[Black "tris77"]
[Result "1/2-1/2"]
[ECO "D15"]
[WhiteElo "2499"]
[BlackElo "2434"]
[WhiteEngine "Cryptic AIL V1"]
[BlackEngine "Raubfisch X37b_CTG"]
[EventType "Swiss"]
[WhiteTeam ""]
[BlackTeam ""]
[PlyCount "140"]
[TimeControl "300+1"]

1. d4 d5 2. c4 c6 3. Nf3 Nf6 4. Nc3 e6 5. e3 Nbd7 6. h3 Bd6 7. Be2 b6 8. O-O Bb7 
9. b3 Rc8 10. Bb2 O-O 11. Qc2 Qe7 12. Rac1 dxc4 13. bxc4 c5 14. Rcd1 a6 
15. Qb3 Rfe8 16. Rfe1 Nf8 17. Na4 cxd4 18. Bxd4 Rb8 19. Bxb6 N8d7 20. c5 Nxc5 
21. Nxc5 Bxc5 22. Bxc5 Qxc5 23. Rc1 Qa5 24. Qc2 Bd5 25. Red1 Qa3 26. Rd3 Qxa2 
27. Qxa2 Bxa2 28. Rdc3 Bd5 29. Ne5 a5 30. Ra3 Rec8 31. Rxc8+ Rxc8 32. Rxa5 Rc1+ 
33. Kh2 Rc2 34. Bf3 Bxf3 35. gxf3 Ne8 36. Ra8 Kf8 37. Kg3 f6 38. Nd3 g5 
39. h4 Rc3 40. Ne1 h6 41. hxg5 hxg5 42. f4 gxf4+ 43. Kxf4 Kf7 44. Ra7+ Kg6 
45. Ng2 e5+ 46. Kg3 Kf5 47. Ra6 Rd3 48. Kf3 Rc3 49. Nh4+ Kg5 50. Kg3 Rd3 
51. Ra8 Nd6 52. Rg8+ Kh5 53. Rh8+ Kg5 54. f3 f5 55. Rg8+ Kf6 56. Kf2 f4 
57. exf4 exf4 58. Ke2 Re3+ 59. Kf2 Rd3 60. Ng2 Rd2+ 61. Ke1 Rd4 62. Ke2 Nc4 
63. Rf8+ Kg5 64. Rg8+ Kh6 65. Rg4 Rd2+ 66. Ke1 Ra2 67. Nxf4 Ne5 68. Rg3 Ra3 
69. Kf2 Nd3+ 70. Nxd3 Rxd3 1/2-1/2